 Dungeon Crawl Stone Soup version 0.16.1-14-g82efdee (webtiles) character file.

53 karlm the Sneak (level 3, 0/28 HPs)
             Began as a Naga Wizard on Apr 11, 2015.
             Succumbed to Ijyb's poison
             ... on level 2 of the Dungeon.
             The game lasted 00:07:28 (2222 turns).

karlm the Sneak (Naga Wizard)                       Turns: 2222, Time: 00:07:28

Health: 0/28       AC:  2    Str:  9    XL:     3   Next: 89%
Magic:  2/7        EV: 15    Int: 24    God:
Gold:   142        SH:  0    Dex: 14    Spells: 3 memorised, 2 levels left

rFire  . . .     SeeInvis +     m - +0 short sword
rCold  . . .     Clarity  .     a - +0 robe
rNeg   . . .     SustAb   .     (no shield)
rPois  +         Gourm    .     b - +0 hat
rElec  .         Spirit   .     (no cloak)
rCorr  .         Warding  .     (no gloves)
rMut   .         Stasis   .     (no barding)
MR     .....                    (no amulet)
Stlth  +++.......               (no ring)
                                (no ring)

@: brilliant, agile, lethally poisoned (0 -> -7), flying, very slow, not
resistant to hostile enchantments, fairly stealthy
A: spit poison, see invisible, deformed body, poison resistance, slowness 2, AC
+1
a: Spit Poison


You were on level 2 of the Dungeon.
You were hungry.

You visited 1 branch of the dungeon, and saw 2 of its levels.

You collected 142 gold pieces.

Inventory:

Hand weapons
 m - a +0 short sword (weapon)
Missiles
 g - 66 stones (quivered)
 o - 13 poisoned needles
Armour
 a - a +0 robe (worn)
 b - a +0 hat (worn)
 s - a +0 buckler
Scrolls
 i - 2 scrolls of identify {unknown}
 k - a scroll of enchant weapon {unknown}
 l - a scroll of recharging {unknown}
 p - 2 scrolls of fog {unknown}
 r - a scroll of amnesia {unknown}
Potions
 n - a potion of brilliance
Books
 c - a book of Minor Magic

   Spells                             Type                      Level
   a - Magic Dart                     Conjuration                  1
   b - Blink                          Translocation                2
   c - Call Imp                       Summoning                    2
   d - Repel Missiles                 Charms/Air                   2
   e - Slow                           Hexes                        2
   f - Conjure Flame                  Conjuration/Fire             3
   g - Mephitic Cloud                 Conjuration/Poison/Air       3
Comestibles
 d - 2 bread rations
 q - a royal jelly
 t - a beef jerky


   Skills:
 - Level 1.5 Dodging
 - Level 3.0 Stealth
 + Level 3.0 Spellcasting
 + Level 2.8 Conjurations
 + Level 1.7 Summonings
   Level 1.0 Translocations
 * Level 1.1 Fire Magic


You had 2 spell levels left.
You knew the following spells:

 Your Spells              Type           Power        Failure   Level  Hunger
a - Magic Dart            Conj           ####         1%          1    None
b - Call Imp              Summ           ####....     1%          2    ##.....
c - Conjure Flame         Conj/Fire      ####....     2%          3    ###....


Dungeon Overview and Level Annotations

Branches:
Dungeon (2/15)

Altars:
Okawaru

Annotations:
D:2 Ijyb


Innate Abilities, Weirdness & Mutations

You cannot wear boots.
You can spit poison.
Your serpentine skin is tough (AC +1).
You have supernaturally acute eyesight.
Armour fits poorly on your strangely shaped body.
Your system is resistant to poisons.
You cover ground very slowly.


Message History

Ijyb is heavily wounded.
You have got your breath back.
* * * LOW HITPOINT WARNING * * *
You feel sick.
Ijyb screams, "Level is mine!
All mine!"
Ijyb closely misses you.
You hit Ijyb but do no damage.
Ijyb is severely wounded.
* * * LOW HITPOINT WARNING * * *
You feel sick. Ijyb misses you.
You closely miss Ijyb.
Ijyb is severely wounded.
* * * LOW HITPOINT WARNING * * *
You feel sick. Ijyb hits you but does no damage.
You hit Ijyb.
Ijyb is severely wounded.
Ijyb misses you.
Your crimson imp closely misses Ijyb.
You hit Ijyb but do no damage.
Ijyb is severely wounded.
You die...

## #.)# #.# ### ##.## #.#
.)# ##..# #.# #.## #..##
##.####### #..###.##
#........# ##.....#
#.######.# .##..### ###.#
#.## .....### ##...# #..#
.......## ##.@#.#######.#
#..>....# ##.5g.....[...)#
..#....######...####.####..#
.##..###
#......#...รท...#..#
.##....# #.#.##.#.(.....#..#
.##.##.###.#.##.#.......#..#
.##.##.....#.##.#..._...#.##
.##..#..........#.......#.#
.###...####..#..#.......#.#


You could see Ijyb and a friendly crimson imp.

Vanquished Creatures
  A worm (D:2)
  An ooze (D:2)
  3 bats
  2 giant cockroaches (D:1)
  7 goblins
  9 hobgoblins
  2 giant geckos
  3 giant newts (D:1)
  2 kobolds (D:1)
  9 rats
39 creatures vanquished.

Vanquished Creatures (collateral kills)
  An adder (D:2)
  A giant newt (D:2)
2 creatures vanquished.

Grand Total: 41 creatures vanquished

Notes
Turn   | Place    | Note
--------------------------------------------------------------
     0 | D:1      | karlm, the Naga Wizard, began the quest for the Orb.
     0 | D:1      | Reached XP level 1. HP: 15/15 MP: 4/4
   162 | D:1      | Reached XP level 2. HP: 19/22 MP: 0/6
   166 | D:1      | Learned a level 2 spell: Call Imp
  1096 | D:1      | Reached XP level 3. HP: 28/28 MP: 3/7
  1101 | D:1      | Learned a level 3 spell: Conjure Flame
  1903 | D:2      | Reached skill level 1 in Fire Magic
  2056 | D:2      | Found an iron altar of Okawaru.
  2118 | D:2      | Noticed Ijyb
  2219 | D:2      | HP: 1/28 [poisoned by Ijyb]
  2222 | D:2      | Succumbed to Ijyb's poison

Action                   || total
-------------------------++-------
Melee: Dagger            ||     5
       Short sword       ||    36
 Cast: Magic Dart        ||    52
       Call Imp          ||     6
 Abil: Spit Poison       ||    41
  Use: Potion            ||     7
 Stab: Sleeping          ||     1
  Eat: Chunk             ||     6
